 Dungeon Crawl Stone Soup version 0.29.1-15-g9cfb28693d (webtiles) character file.

Game seed: 2923124532659308698

49 sking99 the Shooter (level 4, -4/26 HPs)
             Began as a Kobold Arcane Marksman on Apr 9, 2023.
             Slain by a gnoll
             ... wielding a +0 spear
              (7 damage)
             ... on level 2 of the Dungeon.
             The game lasted 00:04:29 (1565 turns).

sking99 the Shooter (Kobold Arcane Marksman)        Turns: 1565, Time: 00:04:30

Health: -4/26      AC:  3    Str:  9    XL:     4   Next: 1%
Magic:  4/6        EV: 15    Int: 14    God:
Gold:   52         SH:  0    Dex: 15    Spells: 5/6 levels left

rFire   . . .      SeeInvis .   a - +1 sling
rCold   . . .      Faith    .   (no shield)
rNeg    . . .      Spirit   .   c - +0 robe
rPois   .          Reflect  .   (no helmet)
rElec   .          Harm     .   (no cloak)
rCorr   .          Rampage  .   (no gloves)
Will    .....                   i - +0 pair of boots
Stlth   ++........              (no amulet)
HPRegen 0.08/turn               (no ring)
MPRegen 0.10/turn               (no ring)

@: lethally poisoned (-4 -> -8)
A: small, no large weapons, nightstalker 3
a: no special abilities


You were on level 2 of the Dungeon.
You visited 1 branch of the dungeon, and saw 2 of its levels.

You collected 52 gold pieces.

Inventory:

Hand Weapons
 a - a +1 sling (weapon)
Armour
 c - a +0 robe (worn)
 i - a +0 pair of boots (worn)
Jewellery
 h - an amulet of regeneration
Scrolls
 b - a scroll of poison
 d - a scroll of torment {unknown}
 e - a scroll of noise {unknown}
 j - a scroll of teleportation {unknown}
Potions
 f - a potion of invisibility {unknown}
 g - a potion of ambrosia {unknown}
 k - a potion of resistance {unknown}
 l - a potion of curing {unknown}


   Skills:
 + Level 1.9 Fighting
 * Level 4.0 Ranged Weapons
 + Level 3.0 Dodging
 + Level 1.8 Spellcasting
 - Level 3.0 Hexes


You had 5 spell levels left.
You knew the following spells:

 Your Spells              Type           Power      Damage    Failure   Level
a - Slow                  Hex            36%        N/A       7%          1

Your spell library contained the following spells:

 Spells                   Type           Power      Damage    Failure   Level
 Inner Flame              Hex/Fire       5%         N/A       36%         3
 Portal Projectile        Hex/Tloc       10%        N/A       36%         3
 Cause Fear               Hex            4%         N/A       56%         4
 Gell's Gravitas          Tloc           1%         N/A       58%         3
 Lesser Beckoning         Tloc           1%         N/A       58%         3
 Teleport Other           Tloc           1%         N/A       58%         3


Dungeon Overview and Level Annotations

Branches:
Dungeon (2/15)

Altars:


Innate Abilities, Weirdness & Mutations

You are small and have problems with some larger weapons.
You are completely attuned to the shadows.


Message History

Confirm with . or Enter, or press ? or * to list all spells.
Aiming: Slow (safe; 7% risk of failure)
Press: ? - help, Shift-Dir - straight line, f/p - gnoll
Aim: a gnoll, wielding a +0 spear (chance to affect: 55%)
The adder resists with significant effort.
The adder closely misses you.
You shoot a sling bullet.
The sling bullet completely misses the adder.
The sling bullet hits the gnoll.
The gnoll is moderately wounded.
The adder bites you.
You are poisoned.
The adder poisons you! The gnoll closely misses you. The adder bites you.
You are more poisoned.
The adder poisons you!
You shoot a sling bullet.
The sling bullet closely misses the adder.
The sling bullet barely misses the gnoll.
You feel very sick. The adder barely misses you. The gnoll barely misses you.
You shoot a sling bullet. The sling bullet hits the adder.
The adder is lightly wounded.
You feel sick. The adder bites you.
The gnoll hits you from afar with a +0 spear.
* * * LOW HITPOINT WARNING * * *
The adder bites you.
* * * LOW HITPOINT WARNING * * *
You are too injured to fight recklessly!
You are too injured to fight recklessly!
Unknown command.
Casting: Slow (safe; 7% risk of failure)
Confirm with . or Enter, or press ? or * to list all spells.
Aiming: Slow (safe; 7% risk of failure)
Press: ? - help, Shift-Dir - straight line, f/p - adder
Aim: an adder (lightly wounded, chance to affect: 55%)
The adder seems to slow down.
* * * LOW HITPOINT WARNING * * *
You feel sick.
The gnoll hits you from afar with a +0 spear!
You die...

#.# #............# ##.#
#.#.........## ##..#
#.##........# #..##
#####.#####..>..# #.##
#.....###.....#.#
####.#########.######...##...####
...............##................
..................###...###.#####
###..###########@#......# #..####
#.## #.S#.##...# ##..... #.#
#.g####...###..†... #.#
#..####.......#.##. #.# ###
#..#.........##..#. ###.###.#
#..#######......... ........##
#8..8 #[.#....... .........#
+....!. #########.. .......###
#..##..# #..


You could see a gnoll and an adder (slow).

Vanquished Creatures
  2 adders (D:2)
  3 bats
  2 endoplasms (D:2)
  4 giant cockroaches (D:2)
  2 goblins (D:1)
  3 hobgoblins (D:1)
  4 quokkas
  3 ball pythons (D:2)
  3 frilled lizards
  2 kobolds
28 creatures vanquished.

Notes
Turn   | Place    | Note
-------+----------+-------------------------------------------
     0 | D:1      | sking99 the Kobold Arcane Marksman began the quest for the
                  | Orb.
     0 | D:1      | Reached XP level 1. HP: 12/12 MP: 2/2
   218 | D:1      | Reached skill level 3 in Ranged Weapons
   337 | D:1      | Reached XP level 2. HP: 16/16 MP: 3/3
   605 | D:1      | Found a faded altar of an unknown god.
  1050 | D:2      | Reached XP level 3. HP: 18/21 MP: 5/5
  1457 | D:2      | Reached skill level 4 in Ranged Weapons
  1457 | D:2      | Reached XP level 4. HP: 24/26 MP: 6/6
  1565 | D:2      | Slain by a gnoll

Illustrated notes

Levels and vault maps discovered:
D:1:      co_arrival_random_square_maze, layout_rooms,
          shapermc_ecumenical_altar_flowoftime, nicolae_figureground_sparkle
D:2:      minmay_chambers_of_twos, layout_rooms, grunt_ministairs_2

Skill      XL: |  1  2  3 |
---------------+----------+-----
Ranged Weapons | 3 4 |  4.0
Dodging        | 3 |  3.0
Fighting       | |  1.9
Spellcasting   | |  1.8
Hexes          | |  3.0

Action                   |  1- 3 |  4- 6 || total
-------------------------+-------+-------++-------
Melee: Sling             |     1 |       ||     1
 Fire: Sling             |   105 |     4 ||   109
 Cast: Slow              |     8 |     2 ||    10
Armor: Robe              |    11 |       ||    11
Dodge: Dodged            |    51 |     4 ||    55
